 Dungeon Crawl Stone Soup version 0.25-a0-424-g80bd347ae0 (webtiles) character file.

Game seed: 15702821766045937602, levelgen mode: deterministic

45 Kohma the Stinger (level 3, -2/31 HPs)
             Began as a Naga Venom Mage on Jan 21, 2020.
             Slain by Natasha (7 damage)
             ... on level 2 of the Dungeon.
             The game lasted 00:04:19 (973 turns).

Kohma the Stinger (Naga Venom Mage)                  Turns: 973, Time: 00:04:20

Health: -2/31      AC:  3    Str: 10    XL:     3   Next: 64%
Magic:  1/7        EV: 10    Int: 16    God:
Gold:   59         SH:  0    Dex: 11    Spells: 4/7 levels left

rFire    . . .     SeeInvis +   q - +0 dagger (pain)
rCold    . . .     Gourm    .   (no shield)
rNeg     . . .     Faith    .   a - +0 robe
rPois    +         Spirit   .   e - +0 helmet
rElec    .         Reflect  .   (no cloak)
rCorr    .         Harm     .   (no gloves)
MR       .....                  (no barding)
Stlth    ++........             (no amulet)
HPRegen  0.10/turn              (no ring)
MPRegen  0.10/turn              (no ring)

@: very slow
A: large, see invisible, deformed body, poison resistance, slowness 2, slow
metabolism 1, spit poison 1, AC +1
a: Spit Poison


You were on level 2 of the Dungeon.
You were not hungry.

You visited 1 branch of the dungeon, and saw 2 of its levels.

You collected 59 gold pieces.

Inventory:

Hand Weapons
 d - a +0 dagger
 q - a +0 dagger of pain (weapon)
Missiles
 b - 36 sling bullets
 g - 7 javelins (quivered)
 i - 16 arrows
 k - 9 bolts
 l - 12 poisoned darts
Armour
 a - a +0 robe (worn)
 e - a +0 helmet (worn)
Jewellery
 f - an uncursed amulet of faith {unknown}
Scrolls
 h - a scroll of magic mapping {unknown}
 j - 2 scrolls of identify {unknown}
 p - a scroll of teleportation {unknown}
Potions
 m - a potion of brilliance {unknown}
 n - a potion of mutation {unknown}
Comestibles
 c - a ration
 o - 5 chunks of flesh


   Skills:
 + Level 1.2 Fighting
 - Level 1.5 Dodging
 - Level 3.0 Stealth
 * Level 2.7 Spellcasting
 - Level 1.0 Transmutations
 * Level 4.9 Poison Magic


You had 4 spell levels left.
You knew the following spells:

 Your Spells              Type           Power        Failure   Level  Hunger
a - Sting                 Tmut/Pois      ##..         6%          1    #......
b - Poisonous Vapours     Pois/Air       ##....       11%         2    ##.....

Your spell library contained the following spells:

 Spells                   Type           Power        Failure   Level  Hunger
 Ignite Poison            Fire/Tmut/Pois #.......     26%         3    ###....
 Olgreb's Toxic Radiance  Pois           ###.....     26%         4    #####..
 Mephitic Cloud           Conj/Pois/Air  #.......     30%         3    ###....


Dungeon Overview and Level Annotations

Branches:
Dungeon (2/15)

Altars:

Annotations:
D:2 Natasha


Innate Abilities, Weirdness & Mutations

You cannot wear boots.
Your serpentine skin is tough. (AC +1)
You have supernaturally acute eyesight. (SInv)
Armour fits poorly on your strangely shaped body.
Your system is resistant to poisons. (rPois)
You cover ground very slowly.
You have a slow metabolism.
You can spit poison.


Message History

You closely miss the crimson imp.
The crimson imp is moderately wounded.
The crimson imp hits you but does no damage.
You closely miss the crimson imp.
The crimson imp is lightly wounded.
The crimson imp puffs mist at you.
The crimson imp blinks!
Casting: Poisonous Vapours (safe; 11% risk of failure)
Confirm with . or Enter, or press ? or * to list all spells.
Aiming: Sting (safe; 6% risk of failure)
Press: ? - help, Shift-Dir - straight line, f - Natasha
Aim: Natasha (severely wounded)
The sting misses Natasha.
The sting misses the crimson imp.
Natasha stares at you and mumbles some strange words.
The magic dart hits you.
* * * LOW HITPOINT WARNING * * *
You hit Natasha but do no damage.
Natasha is severely wounded.
The crimson imp blinks!
Natasha claws you!
You die...

..........#.########
..........#.#
.#######.........÷..#
........########...##
#######...## ###.###
###÷.###...#
###5.....#..#
#######...÷......##
.>......##@###......%
##########h# ########
#§# #####5#######
###.)..r5$..(..
.......!......#
#..............
..[...........g
##.............


You could see Natasha and a crimson imp.

Vanquished Creatures
  2 adders (D:2)
  An ooze (D:1)
  A dart slug (D:1)
  A leopard gecko (D:2)
  2 bats (D:1)
  A giant cockroach (D:2)
  A goblin (D:2)
  3 hobgoblins
  3 kobolds
  A quokka (D:2)
  A ball python (D:1)
  2 rats
19 creatures vanquished.

Notes
Turn   | Place    | Note
-------+----------+-------------------------------------------
     0 | D:1      | Kohma the Naga Venom Mage began the quest for the Orb.
     0 | D:1      | Reached XP level 1. HP: 15/15 MP: 3/3
   229 | D:1      | Reached XP level 2. HP: 20/24 MP: 0/5
   735 | D:2      | Reached skill level 1 in Fighting
   735 | D:2      | Reached XP level 3. HP: 23/31 MP: 0/6
   739 | D:2      | Learned a level 2 spell: Poisonous Vapours
   951 | D:2      | Noticed Natasha
   973 | D:2      | Slain by Natasha

Levels and vault maps discovered:
D:1:      dpeg_arrival_boxes_within_box, layout_basic
D:2:      layout_rooms, first_ration, minmay_quantized, uniq_natasha

Skill      XL: |  1  2 |
---------------+-------+-----
Fighting       | 1 |  1.2
Dodging        | |  1.5
Stealth        | |  3.0
Spellcasting   | |  2.7
Transmutations | |  1.0
Poison Magic   | |  4.9

Action                   || total
-------------------------++-------
Melee: Dagger            ||    21
Throw: Javelin           ||     9
 Cast: Sting             ||    16
       Poisonous Vapours ||     7
 Stab: Sleeping          ||     2
Armor: Robe              ||     8
Dodge: Dodged            ||    13

Table legend:
 A = Non-vault XP
 B = Vault XP
 C = Vault XP percentage of total XP
 D = Non-vault monster count
 E = Vault monster count
 F = Vault count percentage of total count
                 A         B        C        D         E       F
            +---------+---------+-------+---------+---------+-------
      Total |      65 |       0 |   0.0 |      19 |       0 |   0.0
            +---------+---------+-------+---------+---------+-------
        D:1 |      24 |       0 |   0.0 |      10 |       0 |   0.0
        D:2 |      41 |       0 |   0.0 |       9 |       0 |   0.0
            +---------+---------+-------+---------+---------+-------
